 Dungeon Crawl Stone Soup version 0.17-a0-702-gb3a3556 (webtiles) character file.

98 oplop the Changer (level 4, -1/32 HPs)
             Began as a Demonspawn Transmuter on Apr 19, 2015.
             Slain by a giant gecko (3 damage)
             ... on level 3 of the Dungeon.
             The game lasted 00:06:10 (2656 turns).

oplop the Changer (Demonspawn Transmuter)           Turns: 2656, Time: 00:06:11

Health: -1/32      AC:  5    Str: 10    XL:     4   Next: 44%
Magic:  7/7        EV: 12    Int: 14    God:
Gold:   148        SH:  0    Dex: 15    Spells: 2 memorised, 3 levels left

rFire  . . .     SeeInvis .     t - +3 dagger (venom)
rCold  . . .     Clarity  .     c - +0 robe
rNeg   . . .     SustAb   .     (no shield)
rPois  .         Gourm    .     (no helmet)
rElec  .         Spirit   .     (no cloak)
rCorr  .         Warding  .     (no gloves)
rMut   .         Stasis   .     n - +1 pair of boots
MR     .....                    (no amulet)
Stlth  +.........               (no ring)
                                (no ring)

@: not resistant to hostile enchantments, very unstealthy
A: rugged brown scales 1, demonic guardian 1, deterioration 1, mutation
resistance 1
a: no special abilities


You were on level 3 of the Dungeon.
You were hungry.

You visited 1 branch of the dungeon, and saw 3 of its levels.

You collected 148 gold pieces.

Inventory:

Hand weapons
 t - a +3 dagger of venom (weapon)
Missiles
 b - 75 arrows
Armour
 c - a +0 robe (worn)
 n - a +1 pair of boots (worn)
Jewellery
 h - an uncursed ring of wizardry {unknown}
Scrolls
 j - 2 scrolls of recharging
 m - a scroll of magic mapping
Potions
 f - a potion of flight
 q - a potion of poison {unknown}
 s - a potion of heal wounds {unknown}
Books
 d - a book of Changes

   Spells                             Type                      Level
   a - Beastly Appendage              Transmutation                1
   b - Sticks to Snakes               Transmutation                2
   c - Spider Form                    Transmutation/Poison         3
   d - Ice Form                       Ice/Transmutation            4
   e - Blade Hands                    Transmutation                5
Comestibles
 a - 3 bread rations
 p - 2 meat rations
 r - a slice of pizza
 u - 5 fruits


   Skills:
 - Level 1.0 Fighting
 - Level 1.7 Dodging
 - Level 2.6 Unarmed Combat
 - Level 2.0 Spellcasting
 + Level 4.3 Transmutations


You had 3 spell levels left.
You knew the following spells:

 Your Spells              Type           Power        Failure   Level  Hunger
a - Beastly Appendage     Trmt           ##....       4%          1    ##.....
b - Spider Form           Trmt/Pois      #.........   30%         3    ####...


Dungeon Overview and Level Annotations

Branches:
Dungeon (3/15)

Altars:
Gozag
Okawaru


Innate Abilities, Weirdness & Mutations

You are partially covered in rugged brown scales (AC +1, +3% HP).
A weak demonic guardian rushes to your aid.
Your body is slowly deteriorating.
You are somewhat resistant to further mutation.


Message History

You feel better. The black bear bites you.
* * * LOW HITPOINT WARNING * * *
The black bear claws you.
* * * LOW HITPOINT WARNING * * *
The black bear claws you.
* * * LOW HITPOINT WARNING * * *
Unknown command.
Read which item? (? for menu, Esc to quit)
As you read the scroll labeled FOOTAY JORE, it crumbles to dust.
You feel blessed for a moment.
It was a scroll of remove curse.
Your surroundings suddenly seem different.
Something disappears in a puff of smoke!
The giant gecko bites you.
* * * LOW HITPOINT WARNING * * *
Unknown command.
Drink which item? (? for menu, Esc to quit)
It was a potion of mutation.
You feel extremely strange.
You feel genetically stable.
You feel yourself wasting away. The giant gecko bites you.
You die...

#....#.#<#.#.#w.,,,,* **
###.#.........###*********,
#..#.#.#.#.#..,,,,,,,,,,,
#..........g#************
#.##.#.#.#.## #.#.........#
#..#.#.#.#.## ########l..#
#@.## ******* #..# *,,,,,*
#..# *,***,* *#..# *,* *,,
*...#********,*****
*....,,,,,,,,,**,,,
*....,,,,,,,,>,,,**
######************


You could see a giant gecko.

Vanquished Creatures
  3 adders (D:2)
  An ooze (D:1)
  A worm (D:2)
  An orc (D:3)
  6 bats
  9 hobgoblins
  6 jackals (D:1)
  5 kobolds
  A quokka (D:2)
  A ball python (D:1)
  2 giant cockroaches (D:1)
  6 giant newts
  8 goblins
  5 rats
55 creatures vanquished.

Vanquished Creatures (collateral kills)
  An adder (D:3)
  A giant cockroach (D:3)
2 creatures vanquished.

Vanquished Creatures (others)
  2 crimson imps (D:3)
  A quasit (D:3)
3 creatures vanquished.

Grand Total: 60 creatures vanquished

Notes
Turn   | Place    | Note
--------------------------------------------------------------
     0 | D:1      | oplop, the Demonspawn Transmuter, began the quest for the Orb.
     0 | D:1      | Reached XP level 1. HP: 15/15 MP: 3/3
   298 | D:1      | Gained mutation: You are partially covered in rugged brown scales (AC +1, +3% HP). [demonic ancestry]
   298 | D:1      | Reached XP level 2. HP: 14/21 MP: 3/5
   531 | D:1      | Reached skill level 3 in Transmutations
   779 | D:1      | Gained mutation: A weak demonic guardian rushes to your aid. [demonic ancestry]
   779 | D:1      | Reached XP level 3. HP: 19/26 MP: 6/6
   784 | D:1      | Learned a level 3 spell: Spider Form
  1700 | D:2      | Found an opulent altar of Gozag.
  1743 | D:2      | Reached XP level 4. HP: 27/32 MP: 7/7
  1820 | D:2      | Found an iron altar of Okawaru.
  1841 | D:2      | Reached skill level 4 in Transmutations
  2459 | D:3      | Noticed a black bear
  2545 | D:3      | Noticed an orc warrior
  2656 | D:3      | Gained mutation: You are somewhat resistant to further mutation. [potion of mutation]
  2656 | D:3      | Gained mutation: Your body is slowly deteriorating. [potion of mutation]
  2656 | D:3      | Slain by a giant gecko

Action                   |  1- 3 |  4- 6 || total
-------------------------+-------+-------++-------
Melee: Unarmed           |   162 |    49 ||   211
       Dagger            |       |     3 ||     3
 Cast: Beastly Appendage |    27 |    10 ||    37
  Use: Scroll            |       |     9 ||     9
       Potion            |       |     4 ||     4
  Eat: Chunk             |     3 |     3 ||     6
